 Dungeon Crawl Stone Soup version 0.32-a0-886-g41c5271027 (webtiles) character file.

Game seed: 8267503432843080260

10652 starts1789 the Summoner (level 11, -12/58 HPs)
             Began as a Felid Summoner on Apr 2, 2024.
             Was an Initiate of Gozag.
             Mangled by a large slime creature (40 damage)
             ... on level 12 of the Dungeon.
             The game lasted 00:47:35 (15250 turns).

starts1789 the Summoner (Felid Summoner)           Turns: 15250, Time: 00:47:36

Health: -12/58     AC:  2    Str:  4    XL:     11   Next: 39%
Magic:  7/22       EV: 28    Int: 22    God:    Gozag
Gold:   2056       SH:  0    Dex: 18    Spells: 10/24 levels left
                                        Lives:  0   Deaths: 2

rFire   . . .        (weapon unavailable)
rCold   . . .        (shield unavailable)
rNeg    . . .        (body armour unavailable)
rPois   .            (helmet unavailable)
rElec   .            (cloak unavailable)
rCorr   .            (gloves unavailable)
SInv    +            (boots unavailable)
Will    ++...        (no amulet)
Stlth   ++           s - +5 ring of evasion
HPRegen 0.29/turn    A - ring of willpower
MPRegen 0.18/turn

%: no passive effects
@: unable to call your familiar
A: very small, claws 1, fangs 3, see invisible, shaggy fur 2, stealthy paws, no
weapons or thrown items, no armour, multi-lived
a: Renounce Religion, Potion Petition, Call Merchant, Bribe Branch


You were on level 12 of the Dungeon.
You worshipped Gozag.
Gozag was most pleased with you.
You visited 2 branches of the dungeon, and saw 13 of its levels.

You collected 2108 gold pieces.
You paid 52 gold pieces to Gozag.

Inventory:

Jewellery
 s - a +5 ring of evasion (left paw)
 A - a ring of willpower (right paw)
 C - a ring of fire
Talismans
 t - a serpent talisman
Wands
 i - a wand of charming (35)
 D - a wand of iceblast (6)
Scrolls
 j - 2 scrolls of blinking
 k - 2 scrolls of silence
 l - 2 scrolls of vulnerability
 m - 2 scrolls of teleportation
 n - a scroll of revelation {unknown}
 o - a scroll of immolation {unknown}
 p - 2 scrolls of amnesia
 r - a scroll of poison {unknown}
 u - 3 scrolls of enchant armour
 y - a scroll of enchant weapon {unknown}
 E - a scroll of brand weapon {unknown}
 F - a scroll of identify
Potions
 a - 2 potions of magic
 b - 5 potions of degeneration
 c - 3 potions of attraction
 d - 5 potions of curing
 f - a potion of mutation
 g - 3 potions of brilliance
 h - 2 potions of ambrosia
 q - 4 potions of enlightenment
 v - a potion of heal wounds
 w - a potion of resistance {unknown}
 x - a potion of might {unknown}
 z - a potion of lignification {unknown}
 B - a potion of haste
Miscellaneous
 e - a Gell's gravitambourine (2/2)


   Skills:
 + Level 7.5 Fighting
 + Level 10.3 Dodging
 - Level 2.6 Stealth
 + Level 7.1 Spellcasting
 * Level 11.4 Summonings
 - Level 4.0 Fire Magic
 - Level 4.0 Air Magic
 + Level 1.1 Shapeshifting


You had 10 spell levels left.
You knew the following spells:

 Your Spells              Type           Power      Damage    Failure   Level
a - Summon Small Mammal   Summ           100%       N/A       1%          1
b - Call Imp              Summ           100%       N/A       1%          2
c - Call Canine Familiar  Summ           55%        N/A       1%          3
d - Summon Blazeheart Go  Fire/Summ      41%        N/A       3%          4
e - Summon Lightning Spi  Summ/Air       41%        N/A       3%          4

Your spell library contained the following spells:

 Spells                   Type           Power      Damage    Failure   Level
 Static Discharge         Conj/Air       32%        3-5/arc   5%          2
 Sandblast                Erth           14%        2d6       9%          1
 Volatile Blastmotes      Fire/Tloc      32%        2d12      11%         3
 Lesser Beckoning         Tloc           14%        N/A       12%         2
 Airstrike                Air            12%        2d(2-18)  16%         4
 Fugue of the Fallen      Necr           7%         N/A       24%         3
 Maxwell's Portable Pile  Tloc           7%         2d(5-15)  24%         3
 Ozocubu's Armour         Ice            7%         N/A       24%         3
 Passwall                 Erth           7%         N/A       24%         3
 Sigil of Binding         Hex            7%         N/A       24%         3
 Stone Arrow              Conj/Erth      14%        3d7       24%         3
 Teleport Other           Tloc           7%         N/A       24%         3
 Vhi's Electric Charge    Tloc/Air       32%        N/A       34%         4
 Brom's Barrelling Bould  Conj/Erth      7%         2d3       63%         4
 Fulminant Prism          Conj/Alch      3%         3d5       63%         4
 Iskenderun's Mystic Bla Conj/Tloc 7%             2d4        (+2d1     63%         4
 Bombard                  Conj/Erth      3%         9d1       100%        6
 Death Channel            Necr           3%         N/A       100%        6
 Sculpt Simulacrum        Ice/Alch       3%         N/A       100%        6
 Manifold Assault         Tloc           3%         N/A       100%        7


Dungeon Overview and Level Annotations

Branches:
Dungeon (12/15)            Temple (1/1) D:4            Lair (0/5) D:11
    Orc (0/2) D:10

Altars:
Ashenzari
Cheibriados
Dithmenos
Elyvilon
Fedhas
Gozag
Hepliaklqana
Kikubaaqudgha
Makhleb
Nemelex Xobeh
Okawaru
Qazlal
Ru
Sif Muna
Trog
Uskayaw
Vehumet
Wu Jian
Xom
Yredelemnul
Zin
The Shining One

Shops:
D:5 [   D:11 *   D:12 *


Innate Abilities, Weirdness & Mutations

You have sharp claws.
You have razor-sharp teeth.
You have supernaturally acute eyesight. (SInv)
You are covered in thick fur. (AC +2)
Your paws help you pounce on unaware monsters.
You are incapable of wielding weapons or throwing items.
You cannot wear armour.
You gain extra lives every three experience levels.


Message History

Casting: Call Canine Familiar (safe; 1% risk of failure)
Confirm with . or Enter, or press ? or * to list all spells.
You imbue your familiar with magical energy and its fangs glint viciously.
Your inugami hits the wraith but does no damage. x2
The wraith hits your inugami but does no damage.
Your inugami hits the wraith. The wraith hits your inugami.
Your inugami hits the wraith but does no damage.
The large slime creature hits your inugami!!!
Your inugami dies!
Your inugami disappears in a puff of smoke!
The slime creature quivers.
Casting: Call Canine Familiar (safe; 1% risk of failure)
Confirm with . or Enter, or press ? or * to list all spells.
A fiery spirit appears, bound in slag iron.
You swap places.
The large slime creature hits your blazeheart golem.
Your blazeheart golem punches the large slime creature!
The large slime creature hits your blazeheart golem!!
Casting: Summon Blazeheart Golem (dangerous; 3% risk of failure)
Confirm with . or Enter, or press ? or * to list all spells.
An electric hum fills the air.
The large slime creature hits your blazeheart golem!
Your blazeheart golem falls apart, revealing its core!
Your lightning spire cannot move out of your way!
You scratch your lightning spire but do no damage.
Your lightning spire disappears in a puff of smoke!
Your blazeheart core explodes!
The fiery explosion engulfs the large slime creature!!!
The fiery explosion engulfs you!!
Ouch! That really hurt!
The large slime creature is engulfed in blazing flames.
The large slime creature is engulfed in blazing flames.
Casting: Summon Lightning Spire (dangerous; 3% risk of failure)
Confirm with . or Enter, or press ? or * to list all spells.
An electric hum fills the air.
The large slime creature is engulfed in blazing flames.
The large slime creature hits you!!!
Ouch! That really hurt!
You die...
Your body crumbles into a pile of gold.

####.## #.# #.....# ######'#####
#.....### #..........# ###
#..W....# #..........###..
###.....#J# #...............
#W.h....#W# #..........#....
.W....#J....#.# #.........☼.....
#######.$...#○###I.......#○∩.#..
#.....#○J@'...............
#.....#####..........#....
####### #............###
##############


You could see a large slime creature (ally target) and a friendly lightning
spire (summoned).

Vanquished Creatures
  A rakshasa (D:12)
  3 yaks (D:9)
  An acid dragon (D:11)
  An orc warrior (D:9)
  2 ice beasts (D:11)
  A phantom (D:5)
  3 killer bees (D:8)
  An orc wizard (D:7)
  A gnoll (D:6)
  A ribbon worm (D:2)
  2 bats (D:3)
  2 giant cockroaches (D:1)
  2 ball pythons
  A rat (D:1)
22 creatures vanquished.

Vanquished Creatures (collateral kills)
  3 two-headed ogres
  Pikel (D:6)
  Jeremiah (D:6)
  A rime drake (D:11)
  A troll (D:12)
  A polar bear (D:11)
  5 yaks
  A wyvern (D:7)
  2 two-headed ogre zombies (D:10)
  3 acid dragons (D:11)
  2 water moccasins (D:7)
  Duvessa (D:6)
  2 orc warriors
  5 ice beasts
  3 black bears
  An ogre (D:7)
  2 wolves (D:11)
  10 centaurs
  4 lemures (D:6)
  2 phantoms (D:10)
  A kobold brigand (D:4)
  3 bullfrogs
  3 gnoll sergeants
  A scorpion (D:6)
  Dowan (D:6)
  A troll zombie (D:10)
  3 killer bees (D:8)
  5 howler monkeys
  4 nameless horrors
  3 bombardier beetles
  3 orc priests
  A jelly (D:6)
  2 gnoll boudas
  A hound (D:6)
  Crazy Yiuf (D:6)
  A sleepcap (D:7)
  Terence (D:3)
  3 iguanas
  4 orc wizards
  5 ogre zombies (D:10)
  5 adders
  19 gnolls
  4 white imps
  2 ufetubi (D:5)
  2 ribbon worms
  A dart slug (D:2)
  21 orcs
  2 bats (D:3)
  An endoplasm (D:4)
  2 giant cockroaches
  6 goblins
  3 hobgoblins
  4 jackals (D:4)
  2 quokkas
  2 ball pythons
  2 frilled lizards (D:2)
  3 gnoll skeletons (D:10)
  5 kobolds
  7 orc skeletons (D:10)
  15 orc zombies (D:10)
  7 rats
213 creatures vanquished.

Vanquished Creatures (others)
  A polar bear (D:11)
  An orc (D:7)
  9 blazeheart cores
11 creatures vanquished.

Grand Total: 246 creatures vanquished

Notes
Turn   | Place    | Note
-------+----------+-------------------------------------------
     0 | D:1      | starts1789 the Felid Summoner began the quest for the Orb.
     0 | D:1      | Reached XP level 1. HP: 9/9 MP: 4/4
   248 | D:1      | Reached XP level 2. HP: 14/14 MP: 3/6
   596 | D:1      | Learned a level 2 spell: Call Imp
   777 | D:2      | Reached skill level 1 in Fighting
   777 | D:2      | Reached XP level 3. HP: 18/18 MP: 2/7
   781 | D:2      | Learned a level 3 spell: Call Canine Familiar
   872 | D:2      | Found a faded altar of an unknown god.
  1345 | D:3      | Found a sparkling altar of Nemelex Xobeh.
  2178 | D:3      | Noticed Terence
  2213 | D:3      | Killed Terence
  2214 | D:3      | Reached XP level 4. HP: 22/22 MP: 0/8
  2214 | D:3      | Gained a life (2 lives remaining)
  2440 | D:4      | Found a shadowy altar of Dithmenos.
  2842 | D:4      | Noticed a kobold brigand
  2877 | D:4      | Found a staircase to the Ecumenical Temple.
  2895 | Temple   | Entered the Ecumenical Temple
  2909 | Temple   | Became a worshipper of Gozag Ym Sagoz the Greedy
  3058 | D:4      | Reached skill level 5 in Summonings
  3200 | D:5      | Entered Level 5 of the Dungeon
  3200 | D:5      | Noticed a phantom
  3306 | D:5      | Reached XP level 5. HP: 26/26 MP: 3/10
  3450 | D:5      | Found a stormy altar of Qazlal.
  3468 | D:5      | Noticed a black bear
  3478 | D:5      | Killed a black bear
  3490 | D:5      | Killed a phantom
  3491 | D:5      | Gained mutation: You are covered in thick fur. (AC +2)
                  | [Felid growth]
  3491 | D:5      | Reached XP level 6. HP: 32/32 MP: 4/11
  3640 | D:5      | Found Vuwel's Antique Armour Emporium.
  3753 | D:5      | Reached skill level 6 in Summonings
  4475 | D:6      | Noticed an ice beast
  4494 | D:6      | Killed an ice beast
  4495 | D:6      | Reached skill level 5 in Dodging
  4495 | D:6      | Reached XP level 7. HP: 36/36 MP: 8/13
  4550 | D:6      | Noticed Jeremiah
  4608 | D:6      | Killed Jeremiah
  4977 | D:6      | Noticed Pikel
  5252 | D:6      | Killed Pikel
  5253 | D:6      | Reached skill level 7 in Summonings
  5253 | D:6      | Reached XP level 8. HP: 42/42 MP: 11/15
  5470 | D:6      | Learned a level 4 spell: Summon Blazeheart Golem
  5475 | D:6      | Learned a level 4 spell: Summon Lightning Spire
  5536 | D:6      | Found a runed translucent door.
  5537 | D:6      | Noticed Crazy Yiuf
  5547 | D:6      | Killed Crazy Yiuf
  5717 | D:6      | Noticed Duvessa
  5717 | D:6      | Noticed Dowan
  5725 | D:6      | Killed Dowan
  5742 | D:6      | Killed Duvessa
  5743 | D:6      | Reached skill level 8 in Summonings
  5945 | D:6      | Reached skill level 1 in Fire Magic
  6020 | D:6      | Reached skill level 1 in Air Magic
  6952 | D:7      | Reached skill level 5 in Spellcasting
  6952 | D:7      | Reached XP level 9. HP: 46/46 MP: 10/17
  7176 | D:7      | Reached skill level 5 in Fighting
  8838 | D:8      | Reached skill level 9 in Summonings
  9026 | D:8      | Found an ornate altar of the Wu Jian Council.
  9853 | D:4      | Found a snail-covered altar of Cheibriados.
  9853 | D:4      | Found a radiant altar of Vehumet.
 10048 | D:9      | Reached XP level 10. HP: 53/53 MP: 4/19
 10201 | D:9      | Noticed a two-headed ogre
 10273 | D:9      | Killed a two-headed ogre
 10651 | D:9      | You fall into a shaft and drop 2 floors!
 10679 | D:11     | Noticed a two-headed ogre
 10918 | D:10     | Entered Level 10 of the Dungeon
 11396 | D:10     | Noticed a two-headed ogre
 11778 | D:10     | Killed a two-headed ogre
 11779 | D:10     | Reached skill level 10 in Summonings
 11965 | D:10     | Found a burning altar of Makhleb.
 12105 | D:10     | Found a broken altar of Ashenzari.
 12355 | D:10     | Found a staircase to the Orcish Mines.
 12738 | D:10     | Found a hide-covered altar of Uskayaw.
 13052 | D:10     | Found a shimmering blue altar of Sif Muna.
 13120 | D:11     | Identified the +1 pair of boots "Kyab" {Will+++ Int-5}
 13411 | D:11     | Reached XP level 11. HP: 58/58 MP: 4/22
 13588 | D:11     | HP: 1/58 [polar bear (23)]
 13837 | D:11     | Reached skill level 11 in Summonings
 13972 | D:11     | Found Ytrai's Clear Minds Boutique.
 14090 | D:11     | Reached skill level 10 in Dodging
 14155 | D:11     | Found a staircase to the Lair.
 14574 | D:11     | Killed a two-headed ogre
 15056 | D:12     | Annihilated by an enormous slime creature
 15056 | D:12     | Lost a life (1 life remaining)
 15085 | D:12     | Noticed a rakshasa
 15100 | D:12     | Killed a rakshasa
 15100 | D:12     | Killed by an exploding blazeheart core
 15100 | D:12     | Lost a life (0 lives remaining)
 15101 | D:12     | Reached skill level 1 in Shapeshifting
 15178 | D:12     | Found Plog's Demolitions Depot.
 15195 | D:12     | Noticed a two-headed ogre
 15250 | D:12     | Mangled by a large slime creature

Illustrated notes

Levels and vault maps discovered:
D:1:      amcnicky_arrival_choice, layout_rooms
D:2:      layout_rooms, chequers_ecumenical_altar_island
D:3:      layout_basic, mainiacjoe_overflow_catwalk, uniq_terence
D:4:      layout_basic, mainiacjoe_overflow_paths,
          gammafunk_temple_overflow_elements, minmay_temple_entry_offerings
D:5:      layout_gridville, grunt_qazlal_clouds, serial_shops,
          nicolae_shop_behind_doors
D:6:      layout_loops_corners, patterned_corridor, uniq_jeremiah, uniq_duvessa,
          uniq_crazy_yiuf_cottage, uniq_pikel
D:7:      layout_cave_pools, grunt_decor_resistance, minmay_misc_feat_pillars
D:8:      layout_cave_pods, lemuel_doored_altar
D:9:      layout_roguey, skrybe_limestone_x
D:10:     layout_loops_corners, general_overflow_altar, kennysheep_little_box,
          mainiacjoe_overflow_concentric_impassable, bloody_makhleb,
          zombieorc2_lemuel
D:11:     layout_gridville, hellmonk_lair_entry_icy, nicolae_clarity_for_sale
D:12:     layout_roguey, nicolae_blasting_shop
Temple:   nicolae_temple_x_marks_the_god

Skill      XL: |  1  2  3  4  5  6  7  8  9 10 11 |
---------------+----------------------------------+-----
Dodging        | 3 4 5 6 7 8 9 10 | 10.3
Fighting       | 1 2 3 4 5 7 |  7.5
Summonings     | 5 6 7 8 9 10 11 | 11.4
Spellcasting   | 3 4 5 6 7 |  7.1
Fire Magic     | 1 3 4 |  4.0
Air Magic      | 1 3 4 |  4.0
Shapeshifting  | 1 |  1.1
Stealth        | |  2.6

Action                     |  1- 3 |  4- 6 |  7- 9 | 10-12 || total
---------------------------+-------+-------+-------+-------++-------
  Melee: Unarmed           |    28 |     9 |    55 |    17 ||   109
         Bite              |     3 |       |    11 |     1 ||    15
         Punch             |     1 |       |     4 |       ||     5
   Cast: Summon Small Mamm |    56 |    25 |    27 |     5 ||   113
         Call Imp          |    16 |    12 |    51 |    16 ||    95
         Call Canine Famil |     2 |     8 |    48 |    57 ||   115
         Summon Blazeheart |       |       |     9 |    38 ||    47
         Summon Lightning  |       |       |     8 |    19 ||    27
Ability: Begin Untransform |       |       |       |     1 ||     1
  Evoke: Wand              |       |       |     1 |     1 ||     2
    Use: Scroll            |       |       |       |    15 ||    15
   Stab: Distracted        |     2 |       |     1 |       ||     3
         Sleeping          |       |     1 |     1 |       ||     2
 Armour: Skin              |    17 |    10 |    39 |    33 ||    99
  Dodge: Dodged            |    49 |    30 |   145 |   110 ||   334
   Form: Serpent           |       |       |     1 |     1 ||     2
                           |       |       |     1 |       ||     1

Table legend: (Time is in decaauts)
 A = Elapsed time spent in this place.
 B = Non-inter-level travel time spent in this place.
 C = Inter-level travel time spent in this place.
 D = Time resting spent in this place.
 E = Time spent auto-exploring this place.
 F = Levels seen in this place.
 G = Mean time per level.
                   A        B        C        D        E       F      G
               +--------+--------+--------+--------+--------+-----+--------+
         Total |  15260 |  14403 |    857 |    419 |  11094 |  13 | 1173.8 |
       Dungeon |  15237 |  14399 |    838 |    419 |  11094 |  12 | 1269.8 |
        Temple |     23 |      4 |     19 |      0 |      0 |   1 |   23.0 |
               +--------+--------+--------+--------+--------+-----+--------+

Top non-repeatable levels by time:
     D:6: 2812 daAuts
    D:10: 1851 daAuts
    D:11: 1709 daAuts
     D:8: 1369 daAuts
     D:5: 1219 daAuts
     D:9: 1195 daAuts
     D:7: 1192 daAuts
     D:4: 1025 daAuts
     D:3: 985 daAuts
     D:2: 734 daAuts
     D:1: 612 daAuts
    D:12: 529 daAuts
  Temple: 23 daAuts
